 Dungeon Crawl Stone Soup version 0.30-a0-170-g85af917532 (webtiles) character file.

Game seed: 18187983303407177469

128468 qw the Severer (level 17, 0/111 HPs)
             Began as a Gargoyle Fighter on Sept 30, 2022.
             Was a High Priest of Okawaru.
             Slain by a salamander
             ... wielding a +0 glaive
              (5 damage)
             ... on level 1 of the Snake Pit.
             The game lasted 00:12:47 (32963 turns).

qw the Severer (Gargoyle Fighter)                  Turns: 32963, Time: 00:12:48

Health: 0/111      AC: 42    Str: 34    XL:     17   Next: 3%
Magic:  1/24       EV: 10    Int: 11    God:    Okawaru [*****.]
Gold:   135        SH: 20    Dex: 19    Spells: 16/16 levels left

rFire   + . .      SeeInvis .    e - +1 war axe (vamp)
rCold   + . .      Faith    .    s - +0 tower shield
rNeg    + . .      Spirit   .    E - +7 plate armour of Satisfaction {rCorr Str+2 Dex+10 Stlth-}
rPois   inf        Reflect  .    k - +2 helmet
rElec   +          Harm     .    D - scarf {rC+ rF+}
rCorr   +          Rampage  .    g - +2 pair of gloves {infuse}
Will    +....                    (no boots)
Stlth   ..........               (no amulet)
HPRegen 0.28/turn                w - +6 ring of strength
MPRegen 0.19/turn                y - +4 ring of evasion

@: about to teleport, flying, constricted
A: sickness immunity, AC +12, big wings, negative energy resistance 1,
electricity resistance, torment resistance 1, petrification resistance
a: Renounce Religion, Heroism, Finesse, Duel


You were on level 1 of the Snake Pit.
You worshipped Okawaru.
Okawaru was extremely pleased with you.
You visited 5 branches of the dungeon, and saw 24 of its levels.
You visited the Abyss 1 time.

You collected 2669 gold pieces.
You spent 2534 gold pieces at shops.


Innate Abilities, Weirdness & Mutations

You are immune to sickness and miasma.
Your stone body is resilient. (AC +12)
You are immune to poison.
Your large and strong wings let you fly.
You resist negative energy. (rN+)
You are resistant to electric shocks. (rElec)
You are resistant to unholy torment.
You are immune to petrification.


   Skills:
 - Level 14.0 Fighting
 - Level 16.0 Axes
 - Level 6.4 Throwing
 - Level 13.0 Armour
 - Level 4.0 Dodging
 + Level 15.6 Shields
 - Level 10.0 Invocations


You had 16 spell levels left.
You didn't know any spells.
Your spell library was empty.

Inventory:

Hand Weapons
 e - a +1 vampiric war axe (weapon)
 u - a +3 antimagic broad axe
 C - a +1 demon whip of flaming
Missiles
 b - 6 silver boomerangs
 p - 14 boomerangs
 A - 7 javelins (quivered)
Armour
 g - a +2 pair of gloves of infusion (worn)
 k - a +2 helmet (worn)
 s - a +0 tower shield (worn)
 B - a +1 cloak
 D - a scarf of resistance (worn)
 E - the +7 plate armour of Satisfaction (worn) {rCorr Str+2 Dex+10 Stlth-}
   (You bought it in a shop on level 2 of the Orcish Mines)

   Str:       It affects your strength (+2).
   Dex:       It affects your dexterity (+10).
   rCorr:     It protects you from acid and corrosion.
   Stlth:     It makes you less stealthy.
Jewellery
 f - a ring of fire
 t - a ring of ice
 v - a ring of fire
 w - a +6 ring of strength (left hand)
 y - a +4 ring of evasion (right hand)
 z - a ring of protection from cold
Scrolls
 i - 11 scrolls of identify
 q - a scroll of teleportation
Potions
 a - 7 potions of lignification
 c - 3 potions of mutation
 d - 3 potions of might
 h - a potion of heal wounds
 j - 4 potions of magic
 l - 7 potions of haste
 n - 6 potions of attraction
 o - 13 potions of curing
 x - 3 potions of resistance

Dungeon Overview and Level Annotations

Branches:
Dungeon (15/15)            Temple (1/1) D:4            Lair (5/5) D:9
 Shoals (0/4) Lair:2        Snake (1/4) Lair:3        Slime (0/5) Lair:5
    Orc (2/2) D:12            Elf (0/3) Orc:2        Vaults (0/5) D:14
 Depths (0/4) D:15

Altars:
Ashenzari
Cheibriados
Dithmenos
Elyvilon
Fedhas
Gozag
Hepliaklqana
Kikubaaqudgha
Makhleb
Nemelex Xobeh
Okawaru
Qazlal
Ru
Sif Muna
Trog
Uskayaw
Vehumet
Wu Jian
Xom
Yredelemnul
Zin
The Shining One
Jiyva

Shops:
D:1 [   D:3 =   D:6 ?****[   Orc:1 !   Orc:2 [:(:*

Portals:
Trove: D:15 (give 12 scrolls of teleportation)

Annotations:
D:10 1 runed translucent door, qw's ghost, journeyman GrFi
D:11 2 transporters, Onakli's ghost, journeyman DsFi


Message History

The salamander hits you from afar with a +0 glaive!
You are engulfed in flames!
You resist.
The anaconda bites you but does no damage.
The anaconda constricts you. The naga completely misses you.
The salamander mystic hits you with a +0 quarterstaff!
You are engulfed in flames!
You resist. The naga mage spits poison at you.
The splash of poison hits you but does no damage.
You block the naga warrior's attack.
32962 ||| READING 2 scrolls of teleportation.
As you read the scroll of teleportation, it crumbles to dust.
You feel strangely unstable. The anaconda closely misses you.
The anaconda constricts you.
The anaconda bites you but does no damage.
The anaconda constricts you. The naga mage hits you with a +0 flail!
You block the guardian serpent's attack.
You block the naga mage's attack. The naga spits poison at you.
The splash of poison hits you but does no damage.
You resist.
The salamander hits you but does no damage. x2
You block the naga's attack.
The naga mage mumbles some strange words.
The naga mage seems to speed up.
The naga warrior spits poison at you.
The splash of poison hits you but does no damage.
You resist.
The anaconda bites you but does no damage.
The anaconda constricts you.
32963 ||| DRINKING 2 potions of heal wounds.
You feel much better.
The naga mage no longer looks unusually strong.
The anaconda closely misses you. The anaconda constricts you.
The guardian serpent hits you! You block the naga mage's attack.
The naga mage hits you with a +0 whip.
The anaconda bites you but does no damage.
The anaconda constricts you.
The salamander hits you from afar with a +0 glaive!
You are engulfed in flames.
You resist.
You die...

..#..#### ........##
.........####
............##
%)...........##
..............#######
....................##
...............SNN...##
...............S@N....#
...............NNN......
..............NNNN......
........................
...............#...
.......###.###.# ## ...#
... ## .# .#


You could see a naga warrior (strong, catching breath), a naga sharpshooter
(strong), a salamander mystic (strong), 2 salamanders, an anaconda (fast), a
guardian serpent, 3 naga magi and 2 nagas.

Vanquished Creatures
  Rupert (Orc:2)
  2 tentacled starspawn (Abyss:3)
  Agnes (D:15)
  Kirke (D:15)
  A deep elf sorcerer (Abyss:3)
  An orc warlord (Orc:2)
  A very ugly thing (Abyss:3)
  A juggernaut skeleton (D:15)
  Nessos (D:15)
  Azrael (D:15)
  A deep elf demonologist (Abyss:3)
  Snorg (Orc:2)
  Erolcha (Orc:2)
  3 hydras
  3 two-headed ogres
  A juggernaut simulacrum (Abyss:3)
  4 vault guards (D:14)
  An ogre mage (D:14)
  A death knight (D:14)
  7 boulder beetles
  Erica (D:8)
  8 anacondas (Snake:1)
  3 centaur warriors (D:15)
  A fenstrider witch skeleton (Abyss:3)
  An alligator (Lair:5)
  2 naga warriors (Snake:1)
  Urug (Lair:5)
  A shock serpent (Snake:1)
  A titan skeleton (D:15)
  A naga sharpshooter (Snake:1)
  A tengu warrior (D:15)
  2 skeletal warriors (D:15)
  A flayed ghost (D:15)
  A naga ritualist (Snake:1)
  A wizard (D:14)
  5 mana vipers (Snake:1)
  3 deep elf pyromancers
  A necromancer (D:15)
  7 orc knights
  2 wolf spiders (Lair:5)
  15 ugly things
  4 cyclopes (D:14)
  A manticore (D:13)
  A frost giant zombie (D:15)
  A salamander (Snake:1)
  An orc sorcerer (Orc:1)
  18 elephants
  2 naga magi (Snake:1)
  18 black mambas
  A molten gargoyle (Lair:4)
  A merfolk siren (Lair:2)
  4 gargoyles
  15 cane toads
  A guardian serpent (Lair:5)
  12 komodo dragons
  Maggie (D:9)
  A spriggan skeleton (D:15)
  A kobold demonologist (D:10)
  An unseen horror (D:12)
  3 efreet
  An alligator snapping turtle skeleton (Abyss:3)
  2 rime drakes
  A freezing wraith (D:15)
  2 tengu conjurers
  An ancient zyme (Abyss:3)
  9 trolls
  9 polar bears (Lair:5)
  3 hornets (Lair:5)
  A merfolk (Lair:2)
  Prince Ribbit (D:7)
  9 dream sheep (Lair:4)
  17 blink frogs
  11 slime creatures
  A raiju (D:14)
  A centaur simulacrum (D:15)
  Sigmund (D:6)
  2 shadows (D:12)
  20 wyverns
  A ynoxinul (D:14)
  3 fire elementals (D:15)
  78 yaks
  A wraith (D:14)
  3 humans (D:15)
  Grum (D:8)
  2 hogs (D:15)
  3 basilisks
  12 vampire mosquitoes
  A neqoxec (Abyss:3)
  6 wargs
  8 nagas
  Duvessa (D:6)
  An acid dragon (D:11)
  18 hell hounds
  20 water moccasins
  4 ice beasts
  A sky beast (D:7)
  16 black bears
  7 ogres
  24 orc warriors
  7 large abominations
  29 wolves
  7 centaurs
  A kobold brigand (D:9)
  A phantom (D:5)
  10 bullfrogs
  2 necrophages
  A gnoll sergeant (D:9)
  3 scorpions
  5 small abominations
  Dowan (D:6)
  8 wights
  12 killer bees
  An electric eel (Lair:4)
  A howler monkey (D:10)
  2 vampire bats (Lair:2)
  3 hounds
  11 orc priests
  8 jellies
  2 gnoll boudas (D:7)
  3 iguanas
  16 orc wizards
  Natasha (thrice) (D:3)
  4 hell rats (Lair:5)
  13 gnolls
  5 adders
  A shadow imp (D:7)
  3 white imps
  A worm (D:5)
  2 dart slugs
  56 orcs
  10 ball pythons
  13 bats
  9 endoplasms
  4 giant cockroaches
  4 hobgoblins
  7 jackals
  18 kobolds
  4 quokkas
  9 frilled lizards
  3 goblins
  7 rats (D:1)
  2 starspawn tentacles (Abyss:3)
795 creatures vanquished.

Vanquished Creatures (others)
  An anaconda (Snake:1)
  A sixfirhy (Abyss:3)
  11 bushes (Abyss:3)
  18 demonic plants (Abyss:3)
  53 fungi
  76 plants
  4 starspawn tentacles (Abyss:3)
  9 toadstools (D:8)
  6 withered plants (D:15)
179 creatures vanquished.

Grand Total: 974 creatures vanquished

Notes
Turn   | Place    | Note
-------+----------+-------------------------------------------
     0 | D:1      | qw the Gargoyle Fighter began the quest for the Orb.
     0 | D:1      | Reached XP level 1. HP: 14/14 MP: 1/1
     0 | D:1      | 0 ||| qw: Version: 0.2-a-13-gfc7b4b4
     0 | D:1      | 0 ||| qw: Game counter: 1692
     0 | D:1      | 0 ||| qw: Always use a shield: true
     0 | D:1      | 0 ||| qw: God list: Okawaru
     0 | D:1      | 0 ||| qw: Allow faded altars: false
     0 | D:1      | 0 ||| qw: Do Orc after D:15 true
     0 | D:1      | 0 ||| qw: Do second Lair branch before Depths: true
     0 | D:1      | 0 ||| qw: Lair rune preference: random
     0 | D:1      | 0 ||| qw: Plans: Normal, Zot:1-4, God:TSO, Crypt, Tomb,
                  | Pan, Slime:5, Hells, Abyss, Orb
     0 | D:1      | 0 ||| PLANNING D:1-11
    36 | D:1      | Reached skill level 2 in Axes
    58 | D:1      | 58 ||| Stepping ~*~*~tactically~*~*~ (stealth).
    60 | D:1      | 60 ||| Stepping ~*~*~tactically~*~*~ (stealth).
    63 | D:1      | Reached XP level 2. HP: 19/19 MP: 2/2
   276 | D:1      | Found a faded altar of an unknown god.
   328 | D:1      | Found Urghenwer's Armour Emporium.
   333 | D:1      | 333 ||| SHOPLISTING +0 chain mail (63 gold, have 15).
   333 | D:1      | 333 ||| SHOPLISTING +2 chain mail of poison resistance (259
                  | gold, have 15).
   333 | D:1      | 333 ||| SHOPLISTING +2 plate armour of fire resistance (560
                  | gold, have 15).
   333 | D:1      | 333 ||| SHOPLISTING +3 ring mail of fire resistance (364
                  | gold, have 15).
   358 | D:1      | Reached skill level 3 in Axes
   361 | D:1      | Reached XP level 3. HP: 21/23 MP: 3/3
   901 | D:1      | 901 ||| UPGRADING to +0 helmet.
   906 | D:1      | 906 ||| UPGRADING to +0 plate armour.
   916 | D:1      | 916 ||| DROPPING +0 scale mail.
   917 | D:1      | 917 ||| UPGRADING to amulet of guardian spirit.
   922 | D:1      | 922 ||| DROPPING ring of flight.
   923 | D:1      | 923 ||| READING scroll labelled WAANLIOSIL.
   963 | D:1      | 963 ||| READING scroll labelled VUDECE POUCK.
   964 | D:1      | 964 ||| READING scroll labelled HYOPRO TATIOLO.
  1166 | D:2      | Reached skill level 4 in Axes
  1166 | D:2      | Reached XP level 4. HP: 16/28 MP: 0/4
  1329 | D:2      | 1329 ||| DROPPING +0 club.
  1340 | D:2      | 1340 ||| Stepping ~*~*~tactically~*~*~ (stealth).
  1446 | D:2      | 1446 ||| Stepping ~*~*~tactically~*~*~ (stealth).
  1464 | D:2      | 1464 ||| DROPPING +0 flail.
  1610 | D:2      | 1610 ||| Stepping ~*~*~tactically~*~*~ (stealth).
  1802 | D:2      | 1802 ||| DROPPING scarf of harm.
  1803 | D:2      | 1803 ||| UPGRADING to ring of willpower.
  1804 | D:2      | 1804 ||| READING scroll labelled JEIDDI DAURPHALEPS.
  1805 | D:2      | 1805 ||| DRINKING 3 fizzy emerald potions.
  1806 | D:2      | 1806 ||| DRINKING 2 sapphire potions.
  1807 | D:2      | 1807 ||| DROPPING 2 potions of flight.
  1962 | D:3      | Found Buipteyt's Jewellery Emporium.
  1970 | D:3      | Reached XP level 5. HP: 30/32 MP: 3/5
  1994 | D:3      | 1994 ||| SHOPLISTING +4 ring of protection (432 gold, have
                  | 72).
  1994 | D:3      | 1994 ||| SHOPLISTING +6 ring of dexterity (432 gold, have
                  | 72).
  1994 | D:3      | 1994 ||| SHOPLISTING ring "Teinixtu" {rN++ MP+9 Int+6} (868
                  | gold, have 72).
  1994 | D:3      | 1994 ||| SHOPLISTING ring of ice (300 gold, have 72).
  1994 | D:3      | 1994 ||| SHOPLISTING ring of positive energy (240 gold,
                  | have 72).
  1994 | D:3      | 1994 ||| SHOPLISTING ring of protection from fire (300
                  | gold, have 72).
  2357 | D:3      | Noticed Natasha
  2361 | D:3      | Killed Natasha
  2470 | D:3      | Noticed Natasha
  2471 | D:3      | 2471 ||| Stepping ~*~*~tactically~*~*~ (hiding).
  2480 | D:3      | Killed Natasha
  2481 | D:3      | Reached skill level 5 in Axes
  2539 | D:3      | Noticed Natasha
  2550 | D:3      | Killed Natasha
  2683 | D:3      | 2683 ||| DROPPING amulet of faith.
  2684 | D:3      | 2684 ||| READING scroll labelled UCEDUNLAPI.
  2685 | D:3      | 2685 ||| READING scroll labelled LEAREKH NAKEOMNA.
  2686 | D:3      | 2686 ||| DRINKING 2 clear potions.
  2687 | D:3      | 2687 ||| READING 3 scrolls of identify.
  2687 | D:3      | 2687 ||| IDENTIFYING fizzy purple potion
  2688 | D:3      | 2688 ||| READING 2 scrolls of identify.
  2688 | D:3      | 2688 ||| IDENTIFYING bubbling silvery potion
  2689 | D:3      | 2689 ||| DROPPING potion of ambrosia.
  2816 | D:4      | Found a bloodstained altar of Trog.
  2826 | D:4      | 2826 ||| Stepping ~*~*~tactically~*~*~ (stealth).
  2828 | D:4      | 2828 ||| Stepping ~*~*~tactically~*~*~ (stealth).
  2833 | D:4      | 2833 ||| Stepping ~*~*~tactically~*~*~ (stealth).
  2845 | D:4      | Reached XP level 6. HP: 34/38 MP: 4/6
  2921 | D:4      | Noticed a black bear
  2927 | D:4      | 2927 ||| Stepping ~*~*~tactically~*~*~ (stealth).
  2938 | D:4      | Killed a black bear
  2939 | D:4      | Reached skill level 6 in Axes
  3213 | D:4      | Found a blossoming altar of Fedhas.
  3270 | D:4      | Found a staircase to the Ecumenical Temple.
  3271 | D:4      | 3271 ||| PLANNING TEMPLE
  3271 | D:4      | 3271 ||| UPGRADING to +0 cloak.
  3276 | D:4      | 3276 ||| DROPPING amulet of magic regeneration.
  3277 | D:4      | 3277 ||| READING scroll labelled NECIRO ZOKIC.
  3278 | D:4      | 3278 ||| DROPPING +1 demon whip of electrocution.
  3279 | D:4      | 3279 ||| READING scroll labelled GYLUHY VICKYI.
  3380 | D:4      | 3380 ||| READING scroll labelled FUOHOGUKHLU.
  3381 | D:4      | 3381 ||| READING scroll labelled XIXOIBEQESCH.
  3381 | D:4      | Identified a scroll of acquirement
  3381 | D:4      | 3381 ||| ACQUIRING +2 pair of gloves of infusion
  3381 | D:4      | Acquired a +2 pair of gloves of infusion
  3383 | D:4      | 3383 ||| UPGRADING to +2 pair of gloves of infusion.
  3388 | D:4      | 3388 ||| READING 2 scrolls of identify.
  3388 | D:4      | 3388 ||| IDENTIFYING red potion
  3395 | Temple   | Entered the Ecumenical Temple
  3399 | Temple   | 3399 ||| PLANNING OKAWARU WORSHIP
  3500 | Temple   | Became a worshipper of Warmaster Okawaru
  3501 | Temple   | 3501 ||| PLANNING D:1-11
  3501 | Temple   | 3501 ||| REMOVING amulet of guardian spirit.
  3506 | Temple   | 3506 ||| DROPPING amulet of guardian spirit.
  3618 | D:4      | Found a sparkling altar of Nemelex Xobeh.
  3622 | D:4      | 3622 ||| Stepping ~*~*~tactically~*~*~ (stealth).
  3728 | D:4      | 3728 ||| READING 2 scrolls labelled NUOLUL BANGOS.
  3729 | D:4      | 3729 ||| DROPPING scroll of poison.
  3740 | D:5      | Entered Level 5 of the Dungeon
  3746 | D:5      | 3746 ||| Stepping ~*~*~tactically~*~*~ (stealth).
  3754 | D:5      | Reached XP level 7. HP: 35/43 MP: 2/7
  3781 | D:5      | 3781 ||| FLEEEEING.
  3782 | D:5      | 3782 ||| FLEEEEING.
  3783 | D:5      | 3783 ||| FLEEEEING.
  3787 | D:5      | 3787 ||| STAIRDANCE
  4101 | D:5      | 4101 ||| Stepping ~*~*~tactically~*~*~ (stealth).
  4102 | D:5      | 4102 ||| Stepping ~*~*~tactically~*~*~ (stealth).
  4111 | D:5      | 4111 ||| Stepping ~*~*~tactically~*~*~ (stealth).
  4128 | D:5      | 4128 ||| Stepping ~*~*~tactically~*~*~ (hiding).
  4222 | D:5      | 4222 ||| Stepping ~*~*~tactically~*~*~ (hiding).
  4225 | D:5      | Reached skill level 7 in Axes
  4292 | D:5      | Reached * piety under Okawaru
  4532 | D:5      | Reached skill level 1 in Invocations
  4532 | D:5      | Reached XP level 8. HP: 36/48 MP: 3/9
  4668 | D:5      | 4668 ||| READING scroll labelled JEKHLA VIZODANA.
  4689 | D:6      | 4689 ||| STAIRDANCE
  4713 | D:6      | 4713 ||| STAIRDANCE
  4727 | D:6      | 4727 ||| STAIRDANCE
  4777 | D:6      | Found Bonikh's Assorted Antiques.
  4785 | D:6      | 4785 ||| BUYING 2 scrolls of teleportation (162 gold).
  4785 | D:6      | Bought 2 scrolls of teleportation for 162 gold pieces
  4785 | D:6      | 4785 ||| BUYING cyan potion (24 gold).
  4785 | D:6      | Bought a cyan potion for 24 gold pieces
  4785 | D:6      | 4785 ||| BUYING scroll of identify (54 gold).
  4785 | D:6      | Bought a scroll of identify for 54 gold pieces
  4785 | D:6      | 4785 ||| SHOPLISTING scroll of identify (54 gold, have 9).
  4838 | D:6      | 4838 ||| Stepping ~*~*~tactically~*~*~ (hiding).
  4908 | D:6      | 4908 ||| Stepping ~*~*~tactically~*~*~ (stealth).
  4932 | D:6      | 4932 ||| INVOKING Heroism.
  4939 | D:6      | Reached skill level 3 in Invocations
  4988 | D:6      | 4988 ||| READING scroll of brand weapon.
  4988 | D:6      | 4988 ||| BRANDING +0 war axe of flaming.
  5051 | D:6      | Found Wauch's General Store.
  5057 | D:6      | 5057 ||| SHOPLISTING potion of heal wounds (60 gold, have
                  | 33).
  5066 | D:6      | 5066 ||| Stepping ~*~*~tactically~*~*~ (stealth).
  5074 | D:6      | 5074 ||| INVOKING Heroism.
  5078 | D:6      | Reached skill level 1 in Dodging
  5155 | D:6      | 5155 ||| FLEEEEING.
  5156 | D:6      | 5156 ||| FLEEEEING.
  5157 | D:6      | 5157 ||| FLEEEEING.
  5158 | D:6      | 5158 ||| FLEEEEING.
  5159 | D:6      | 5159 ||| FLEEEEING.
  5160 | D:6      | 5160 ||| FLEEEEING.
  5161 | D:6      | 5161 ||| FLEEEEING.
  5162 | D:6      | 5162 ||| FLEEEEING.
  5163 | D:6      | 5163 ||| FLEEEEING.
  5164 | D:6      | 5164 ||| FLEEEEING.
  5165 | D:6      | 5165 ||| FLEEEEING.
  5166 | D:6      | 5166 ||| FLEEEEING.
  5167 | D:6      | 5167 ||| FLEEEEING.
  5168 | D:6      | 5168 ||| FLEEEEING.
  5169 | D:6      | 5169 ||| FLEEEEING.
  5170 | D:6      | 5170 ||| FLEEEEING.
  5171 | D:6      | 5171 ||| FLEEEEING.
  5172 | D:6      | 5172 ||| FLEEEEING.
  5173 | D:6      | 5173 ||| FLEEEEING.
  5176 | D:6      | 5176 ||| FLEEEEING.
  5177 | D:6      | 5177 ||| FLEEEEING.
  5179 | D:6      | 5179 ||| STAIRDANCE
  5239 | D:5      | 5239 ||| DROPPING +0 whip.
  5240 | D:5      | 5240 ||| DROPPING scarf of invisibility.
  5241 | D:5      | 5241 ||| READING 4 scrolls of identify.
  5241 | D:5      | 5241 ||| IDENTIFYING black potion
  5242 | D:5      | 5242 ||| READING 3 scrolls of identify.
  5242 | D:5      | 5242 ||| IDENTIFYING fuming sapphire potion
  5243 | D:5      | 5243 ||| READING 2 scrolls of identify.
  5243 | D:5      | 5243 ||| IDENTIFYING fuming green potion
  5244 | D:5      | 5244 ||| DROPPING potion of invisibility.
  5326 | D:6      | Reached skill level 1 in Throwing
  5487 | D:6      | Found Loats's Magic Scroll Shoppe.
  5496 | D:6      | 5496 ||| BUYING scroll of identify (28 gold).
  5496 | D:6      | Bought a scroll of identify for 28 gold pieces
  5496 | D:6      | 5496 ||| SHOPLISTING scroll of identify (28 gold, have 5).
  5507 | D:6      | 5507 ||| INVOKING Heroism.
  5624 | D:6      | 5624 ||| Stepping ~*~*~tactically~*~*~ (stealth).
  5671 | D:6      | 5671 ||| Stepping ~*~*~tactically~*~*~ (stealth).
  5673 | D:6      | 5673 ||| INVOKING Heroism.
  5689 | D:6      | Reached skill level 8 in Axes
  5785 | D:6      | 5785 ||| Stepping ~*~*~tactically~*~*~ (hiding).
  5790 | D:6      | 5790 ||| INVOKING Heroism.
  5794 | D:6      | Reached XP level 9. HP: 48/55 MP: 4/12
  5798 | D:6      | Reached ** piety under Okawaru
  5799 | D:6      | Reached skill level 6 in Fighting
  5893 | D:6      | 5893 ||| DROPPING +0 flail.
  5906 | D:6      | 5906 ||| Stepping ~*~*~tactically~*~*~ (hiding).
  5910 | D:6      | 5910 ||| INVOKING Heroism.
  5912 | D:6      | Noticed Sigmund
  5914 | D:6      | 5914 ||| Stepping ~*~*~tactically~*~*~ (hiding).
  5923 | D:6      | Killed Sigmund
  5924 | D:6      | Reached skill level 6 in Armour
  5967 | D:6      | 5967 ||| DROPPING +0 morningstar.
  5974 | D:6      | Found Femmijat's Specific Store.
  5978 | D:6      | Found Opialonese's General Store.
  5986 | D:6      | 5986 ||| SHOPLISTING scroll of teleportation (45 gold, have
                  | 5).
  6036 | D:6      | 6036 ||| INVOKING Heroism.
  6114 | D:6      | Found Kerph's Armour Shop.
  6137 | D:6      | Noticed Duvessa
  6137 | D:6      | Noticed Dowan
  6138 | D:6      | 6138 ||| INVOKING Heroism.
  6145 | D:6      | Killed Duvessa
  6153 | D:6      | Killed Dowan
  6499 | D:6      | 6499 ||| READING 2 scrolls of identify.
  6499 | D:6      | 6499 ||| IDENTIFYING cyan potion
  6500 | D:6      | 6500 ||| DROPPING potion of brilliance.
  6682 | D:7      | 6682 ||| INVOKING Heroism.
  6846 | D:7      | 6846 ||| Stepping ~*~*~tactically~*~*~ (stealth).
  6847 | D:7      | 6847 ||| INVOKING Heroism.
  6855 | D:7      | Reached skill level 9 in Axes
  7033 | D:7      | Noticed Prince Ribbit
  7035 | D:7      | 7035 ||| INVOKING Heroism.
  7040 | D:7      | Killed Prince Ribbit
  7175 | D:7      | 7175 ||| INVOKING Heroism.
  7182 | D:7      | 7182 ||| Stepping ~*~*~tactically~*~*~ (hiding).
  7508 | D:7      | 7508 ||| INVOKING Heroism.
  7518 | D:7      | Reached XP level 10. HP: 63/63 MP: 6/13
  7732 | D:7      | 7732 ||| Stepping ~*~*~tactically~*~*~ (stealth).
  7733 | D:7      | 7733 ||| INVOKING Heroism.
  7734 | D:7      | 7734 ||| Stepping ~*~*~tactically~*~*~ (stealth).
  7742 | D:7      | Reached *** piety under Okawaru
  8015 | D:7      | Found a hide-covered altar of Uskayaw.
  8144 | D:8      | 8144 ||| READING scroll of enchant armour.
  8144 | D:8      | 8144 ||| ENCHANTING +0 helmet.
  8167 | D:8      | 8167 ||| Stepping ~*~*~tactically~*~*~ (stealth).
  8169 | D:8      | 8169 ||| Stepping ~*~*~tactically~*~*~ (stealth).
  8174 | D:8      | Reached skill level 10 in Axes
  8178 | D:8      | 8178 ||| INVOKING Heroism.
  8473 | D:8      | 8473 ||| INVOKING Heroism.
  8557 | D:8      | 8557 ||| INVOKING Heroism.
  8561 | D:8      | 8561 ||| Stepping ~*~*~tactically~*~*~ (stealth).
  8587 | D:8      | 8587 ||| FLEEEEING.
  8588 | D:8      | 8588 ||| FLEEEEING.
  8589 | D:8      | 8589 ||| FLEEEEING.
  8590 | D:8      | 8590 ||| FLEEEEING.
  8591 | D:8      | 8591 ||| FLEEEEING.
  8592 | D:8      | 8592 ||| FLEEEEING.
  8594 | D:8      | 8594 ||| FLEEEEING.
  8595 | D:8      | 8595 ||| FLEEEEING.
  8596 | D:8      | 8596 ||| FLEEEEING.
  8597 | D:8      | 8597 ||| FLEEEEING.
  8598 | D:8      | 8598 ||| INVOKING Heroism.
  8864 | D:8      | Noticed Grum
  8865 | D:8      | 8865 ||| INVOKING Heroism.
  8883 | D:8      | Killed Grum
  8994 | D:8      | Found a white marble altar of Elyvilon.
  9086 | D:8      | 9086 ||| Stepping ~*~*~tactically~*~*~ (stealth).
  9092 | D:8      | 9092 ||| Stepping ~*~*~tactically~*~*~ (stealth).
  9402 | D:8      | Noticed Erica
  9403 | D:8      | 9403 ||| Stepping ~*~*~tactically~*~*~ (hiding).
  9404 | D:8      | 9404 ||| Stepping ~*~*~tactically~*~*~ (hiding).
  9405 | D:8      | 9405 ||| INVOKING Heroism.
  9412 | D:8      | Killed Erica
  9412 | D:8      | Reached **** piety under Okawaru
  9917 | D:8      | 9917 ||| Stepping ~*~*~tactically~*~*~ (stealth).
  9930 | D:8      | 9930 ||| INVOKING Heroism.
  9968 | D:8      | 9968 ||| READING scroll labelled XITAAG KULUTHA.
  9969 | D:8      | 9969 ||| READING scroll labelled ZATOGOHEGI.
  9970 | D:8      | 9970 ||| READING 4 scrolls of identify.
  9970 | D:8      | 9970 ||| IDENTIFYING dark potion
  9971 | D:8      | 9971 ||| DROPPING potion of degeneration.
 10060 | D:9      | Found a staircase to the Lair.
 10061 | D:9      | 10061 ||| INVOKING Heroism.
 10076 | D:9      | Reached skill level 11 in Axes
 10207 | D:9      | 10207 ||| Stepping ~*~*~tactically~*~*~ (hiding).
 10208 | D:9      | 10208 ||| Stepping ~*~*~tactically~*~*~ (hiding).
 10223 | D:9      | 10223 ||| INVOKING Heroism.
 10358 | D:9      | Noticed a two-headed ogre
 10359 | D:9      | 10359 ||| INVOKING Heroism.
 10368 | D:9      | Killed a two-headed ogre
 10369 | D:9      | Reached XP level 11. HP: 68/68 MP: 7/15
 10432 | D:9      | 10432 ||| Stepping ~*~*~tactically~*~*~ (stealth).
 10438 | D:9      | 10438 ||| Stepping ~*~*~tactically~*~*~ (stealth).
 10563 | D:9      | 10563 ||| UPGRADING to +0 kite shield.
 10573 | D:9      | 10573 ||| DROPPING +0 buckler.
 10575 | D:9      | 10575 ||| READING scroll labelled OLUUTOI NIGE.
 10576 | D:9      | Found an ornate altar of the Wu Jian Council.
 10578 | D:9      | 10578 ||| READING 4 scrolls of teleportation.
 10635 | D:9      | Noticed Maggie
 10636 | D:9      | 10636 ||| Stepping ~*~*~tactically~*~*~ (hiding).
 10650 | D:9      | Killed Maggie
 10714 | D:9      | Reached skill level 6 in Invocations
 10783 | D:9      | 10783 ||| INVOKING Heroism.
 10871 | D:9      | 10871 ||| INVOKING Heroism.
 10940 | D:9      | 10940 ||| INVOKING Heroism.
 10947 | D:9      | Reached skill level 6 in Shields
 11188 | D:9      | 11188 ||| Stepping ~*~*~tactically~*~*~ (hiding).
 11194 | D:9      | 11194 ||| Stepping ~*~*~tactically~*~*~ (hiding).
 11199 | D:9      | 11199 ||| INVOKING Heroism.
 11406 | D:9      | 11406 ||| PLANNING LAIR
 11406 | D:9      | 11406 ||| DROPPING ring of magical power.
 11452 | Lair:1   | Entered Level 1 of the Lair of Beasts
 11453 | Lair:1   | 11453 ||| INVOKING Heroism.
 11606 | Lair:1   | 11606 ||| INVOKING Heroism.
 11755 | Lair:1   | 11755 ||| INVOKING Heroism.
 11846 | Lair:1   | 11846 ||| INVOKING Heroism.
 11863 | Lair:1   | Reached ***** piety under Okawaru
 12046 | Lair:1   | 12046 ||| INVOKING Heroism.
 12172 | Lair:1   | 12172 ||| INVOKING Heroism.
 12364 | Lair:1   | 12364 ||| Stepping ~*~*~tactically~*~*~ (stealth).
 12365 | Lair:1   | 12365 ||| Stepping ~*~*~tactically~*~*~ (stealth).
 12366 | Lair:1   | 12366 ||| INVOKING Heroism.
 12368 | Lair:1   | 12368 ||| Stepping ~*~*~tactically~*~*~ (stealth).
 12381 | Lair:1   | Reached skill level 9 in Invocations
 12562 | Lair:1   | 12562 ||| INVOKING Heroism.
 12585 | Lair:1   | Reached skill level 9 in Shields
 12585 | Lair:1   | Reached XP level 12. HP: 61/73 MP: 6/18
 12716 | Lair:1   | 12716 ||| INVOKING Heroism.
 12721 | Lair:1   | Received a gift from Okawaru
 13117 | Lair:1   | 13117 ||| READING 4 scrolls of identify.
 13117 | Lair:1   | 13117 ||| IDENTIFYING lumpy cyan potion
 13166 | Lair:2   | 13166 ||| INVOKING Heroism.
 13308 | Lair:2   | 13308 ||| INVOKING Heroism.
 13521 | Lair:2   | 13521 ||| INVOKING Heroism.
 13682 | Lair:2   | 13682 ||| Stepping ~*~*~tactically~*~*~ (stealth).
 13688 | Lair:2   | 13688 ||| Stepping ~*~*~tactically~*~*~ (stealth).
 13805 | Lair:2   | Reached skill level 9 in Fighting
 13983 | Lair:2   | Found a staircase to the Shoals.
 13989 | Lair:2   | 13989 ||| INVOKING Heroism.
 14150 | Lair:2   | 14150 ||| INVOKING Heroism.
 14551 | Lair:2   | 14551 ||| DROPPING +3 chain mail.
 14552 | Lair:2   | 14552 ||| UPGRADING to +4 ring of evasion.
 14553 | Lair:2   | 14553 ||| READING 4 scrolls of identify.
 14553 | Lair:2   | 14553 ||| IDENTIFYING lumpy brown potion
 14616 | Lair:3   | 14616 ||| INVOKING Heroism.
 14628 | Lair:3   | Reached skill level 3 in Throwing
 14704 | Lair:3   | 14704 ||| INVOKING Heroism.
 14705 | Lair:3   | 14705 ||| Stepping ~*~*~tactically~*~*~ (stealth).
 14707 | Lair:3   | 14707 ||| Stepping ~*~*~tactically~*~*~ (stealth).
 14710 | Lair:3   | 14710 ||| Stepping ~*~*~tactically~*~*~ (stealth).
 14730 | Lair:3   | Received a gift from Okawaru
 14890 | Lair:3   | 14890 ||| INVOKING Heroism.
 14936 | Lair:3   | 14936 ||| INVOKING Heroism.
 14938 | Lair:3   | 14938 ||| Stepping ~*~*~tactically~*~*~ (stealth).
 14970 | Lair:3   | Reached skill level 12 in Axes
 14981 | Lair:3   | 14981 ||| Stepping ~*~*~tactically~*~*~ (hiding).
 14982 | Lair:3   | 14982 ||| Stepping ~*~*~tactically~*~*~ (hiding).
 14984 | Lair:3   | 14984 ||| Stepping ~*~*~tactically~*~*~ (hiding).
 15177 | Lair:3   | 15177 ||| Stepping ~*~*~tactically~*~*~ (stealth).
 15199 | Lair:3   | Reached skill level 9 in Armour
 15432 | Lair:3   | 15432 ||| Stepping ~*~*~tactically~*~*~ (stealth).
 15454 | Lair:3   | Reached XP level 13. HP: 68/80 MP: 0/20
 15459 | Lair:3   | Identified the +2 scale mail of Ennui {-Tele rPois rN+
                  | Str+6} (Okawaru gifted it to you on level 3 of the Lair of
                  | Beasts)
 15459 | Lair:3   | Received a gift from Okawaru
 15673 | Lair:3   | 15673 ||| INVOKING Heroism.
 15949 | Lair:3   | Found a staircase to the Snake Pit.
 16068 | Lair:3   | 16068 ||| READING scroll of enchant weapon.
 16068 | Lair:3   | 16068 ||| ENCHANTING +0 vampiric war axe.
 16069 | Lair:3   | 16069 ||| DROPPING +1 pair of gloves.
 16070 | Lair:3   | 16070 ||| UPGRADING to +6 ring of strength.
 16072 | Lair:3   | 16072 ||| DROPPING ring of willpower.
 16177 | Lair:4   | 16177 ||| Stepping ~*~*~tactically~*~*~ (stealth).
 16178 | Lair:4   | 16178 ||| Stepping ~*~*~tactically~*~*~ (stealth).
 16183 | Lair:4   | 16183 ||| INVOKING Heroism.
 16184 | Lair:4   | 16184 ||| INVOKING Finesse.
 16353 | Lair:4   | 16353 ||| INVOKING Heroism.
 16358 | Lair:4   | 16358 ||| INVOKING Finesse.
 16363 | Lair:4   | 16363 ||| SWAPPING to +2 morningstar of freezing.
 16371 | Lair:4   | 16371 ||| SWAPPING to +1 vampiric war axe.
 16547 | Lair:4   | Found a frozen archway.
 16669 | Lair:4   | 16669 ||| INVOKING Heroism.
 16773 | Lair:4   | 16773 ||| Stepping ~*~*~tactically~*~*~ (stealth).
 16851 | Lair:4   | 16851 ||| INVOKING Heroism.
 17488 | Lair:5   | Entered Level 5 of the Lair of Beasts
 17489 | Lair:5   | 17489 ||| STAIRDANCE
 17497 | Lair:4   | Reached skill level 13 in Axes
 17541 | Lair:5   | 17541 ||| STAIRDANCE
 17570 | Lair:5   | 17570 ||| STAIRDANCE
 17643 | Lair:5   | 17643 ||| STAIRDANCE
 17683 | Lair:5   | 17683 ||| STAIRDANCE
 17685 | Lair:4   | 17685 ||| INVOKING Heroism.
 17758 | Lair:5   | 17758 ||| STAIRDANCE
 17841 | Lair:5   | 17841 ||| INVOKING Heroism.
 17842 | Lair:5   | 17842 ||| STAIRDANCE
 17976 | Lair:5   | 17976 ||| INVOKING Heroism.
 18005 | Lair:5   | 18005 ||| Stepping ~*~*~tactically~*~*~ (stealth).
 18014 | Lair:5   | 18014 ||| Stepping ~*~*~tactically~*~*~ (stealth).
 18020 | Lair:5   | Found a viscous altar of Jiyva.
 18036 | Lair:5   | 18036 ||| Stepping ~*~*~tactically~*~*~ (stealth).
 18040 | Lair:5   | 18040 ||| INVOKING Heroism.
 18226 | Lair:5   | 18226 ||| INVOKING Heroism.
 18238 | Lair:5   | Received a gift from Okawaru
 18254 | Lair:5   | Gained mutation: Your large and strong wings let you fly.
                  | [Gargoyle growth]
 18254 | Lair:5   | Reached XP level 14. HP: 78/88 MP: 0/21
 18330 | Lair:5   | Received a gift from Okawaru
 18373 | Lair:5   | Reached skill level 14 in Axes
 18519 | Lair:5   | 18519 ||| Stepping ~*~*~tactically~*~*~ (stealth).
 18748 | Lair:5   | Received a gift from Okawaru
 18943 | Lair:5   | Found a staircase to the Slime Pits.
 18956 | Lair:5   | 18956 ||| Stepping ~*~*~tactically~*~*~ (stealth).
 18958 | Lair:5   | 18958 ||| Stepping ~*~*~tactically~*~*~ (stealth).
 18981 | Lair:5   | 18981 ||| INVOKING Heroism.
 19024 | Lair:5   | 19024 ||| Stepping ~*~*~tactically~*~*~ (stealth).
 19073 | Lair:5   | Reached ****** piety under Okawaru
 19268 | Lair:5   | 19268 ||| Stepping ~*~*~tactically~*~*~ (hiding).
 19292 | Lair:5   | 19292 ||| FLEEEEING.
 19293 | Lair:5   | 19293 ||| FLEEEEING.
 19294 | Lair:5   | 19294 ||| FLEEEEING.
 19295 | Lair:5   | 19295 ||| FLEEEEING.
 19296 | Lair:5   | 19296 ||| FLEEEEING.
 19297 | Lair:5   | 19297 ||| FLEEEEING.
 19298 | Lair:5   | 19298 ||| FLEEEEING.
 19308 | Lair:5   | 19308 ||| FLEEEEING.
 19309 | Lair:5   | 19309 ||| STAIRDANCE
 19440 | Lair:5   | 19440 ||| Stepping ~*~*~tactically~*~*~ (stealth).
 19463 | Lair:5   | 19463 ||| Stepping ~*~*~tactically~*~*~ (hiding).
 19466 | Lair:5   | 19466 ||| INVOKING Heroism.
 19551 | Lair:5   | 19551 ||| Stepping ~*~*~tactically~*~*~ (stealth).
 19577 | Lair:5   | 19577 ||| Stepping ~*~*~tactically~*~*~ (hiding).
 19584 | Lair:5   | 19584 ||| Stepping ~*~*~tactically~*~*~ (stealth).
 19628 | Lair:5   | 19628 ||| Stepping ~*~*~tactically~*~*~ (stealth).
 19643 | Lair:5   | 19643 ||| Stepping ~*~*~tactically~*~*~ (stealth).
 19644 | Lair:5   | 19644 ||| INVOKING Heroism.
 19646 | Lair:5   | Reached skill level 12 in Shields
 19741 | Lair:5   | 19741 ||| Stepping ~*~*~tactically~*~*~ (stealth).
 19743 | Lair:5   | 19743 ||| Stepping ~*~*~tactically~*~*~ (stealth).
 19745 | Lair:5   | 19745 ||| Stepping ~*~*~tactically~*~*~ (stealth).
 19749 | Lair:5   | 19749 ||| INVOKING Heroism.
 19753 | Lair:5   | Received a gift from Okawaru
 19755 | Lair:5   | 19755 ||| Stepping ~*~*~tactically~*~*~ (hiding).
 19761 | Lair:5   | 19761 ||| Stepping ~*~*~tactically~*~*~ (hiding).
 19794 | Lair:5   | Received a gift from Okawaru
 19928 | Lair:5   | 19928 ||| Stepping ~*~*~tactically~*~*~ (stealth).
 19947 | Lair:5   | 19947 ||| Stepping ~*~*~tactically~*~*~ (stealth).
 19957 | Lair:5   | 19957 ||| Stepping ~*~*~tactically~*~*~ (stealth).
 19960 | Lair:5   | 19960 ||| Stepping ~*~*~tactically~*~*~ (stealth).
 19965 | Lair:5   | 19965 ||| Stepping ~*~*~tactically~*~*~ (stealth).
 20023 | Lair:5   | 20023 ||| INVOKING Heroism.
 20092 | Lair:5   | 20092 ||| Stepping ~*~*~tactically~*~*~ (hiding).
 20094 | Lair:5   | 20094 ||| INVOKING Heroism.
 20116 | Lair:5   | 20116 ||| Stepping ~*~*~tactically~*~*~ (stealth).
 20307 | Lair:5   | 20307 ||| Stepping ~*~*~tactically~*~*~ (stealth).
 20309 | Lair:5   | 20309 ||| INVOKING Heroism.
 20410 | Lair:5   | 20410 ||| Stepping ~*~*~tactically~*~*~ (stealth).
 20413 | Lair:5   | 20413 ||| Stepping ~*~*~tactically~*~*~ (stealth).
 20430 | Lair:5   | 20430 ||| Stepping ~*~*~tactically~*~*~ (stealth).
 20451 | Lair:5   | 20451 ||| Stepping ~*~*~tactically~*~*~ (hiding).
 20457 | Lair:5   | 20457 ||| Stepping ~*~*~tactically~*~*~ (hiding).
 20572 | Lair:5   | 20572 ||| Stepping ~*~*~tactically~*~*~ (hiding).
 20584 | Lair:5   | 20584 ||| Stepping ~*~*~tactically~*~*~ (stealth).
 20589 | Lair:5   | 20589 ||| Stepping ~*~*~tactically~*~*~ (hiding).
 20771 | Lair:5   | 20771 ||| INVOKING Heroism.
 20772 | Lair:5   | 20772 ||| INVOKING Finesse.
 20782 | Lair:5   | 20782 ||| Stepping ~*~*~tactically~*~*~ (stealth).
 20841 | Lair:5   | 20841 ||| Stepping ~*~*~tactically~*~*~ (stealth).
 20852 | Lair:5   | 20852 ||| Stepping ~*~*~tactically~*~*~ (stealth).
 20854 | Lair:5   | 20854 ||| Stepping ~*~*~tactically~*~*~ (stealth).
 20858 | Lair:5   | Received a gift from Okawaru
 21040 | Lair:5   | 21040 ||| Stepping ~*~*~tactically~*~*~ (stealth).
 21063 | Lair:5   | 21063 ||| INVOKING Heroism.
 21267 | Lair:5   | Noticed Urug
 21268 | Lair:5   | 21268 ||| INVOKING Heroism.
 21269 | Lair:5   | 21269 ||| INVOKING Finesse.
 21274 | Lair:5   | Killed Urug
 21341 | Lair:5   | 21341 ||| PLANNING D:1-11
 21341 | Lair:5   | 21341 ||| UPGRADING to +1 cloak.
 21351 | Lair:5   | 21351 ||| DROPPING +0 cloak.
 21352 | Lair:5   | 21352 ||| UPGRADING to scarf of resistance.
 21362 | Lair:5   | 21362 ||| READING scroll labelled ISSEG GAC COFO.
 21363 | Lair:5   | 21363 ||| READING scroll labelled VUSOAL GUNAF.
 21492 | D:10     | Entered Level 10 of the Dungeon
 21596 | D:10     | Reached skill level 15 in Axes
 21603 | D:10     | 21603 ||| INVOKING Heroism.
 21642 | D:10     | Received a gift from Okawaru
 21809 | D:10     | Found a runed translucent door.
 21812 | D:10     | Noticed qw's ghost (journeyman GrFi)
 22140 | D:10     | 22140 ||| INVOKING Heroism.
 22141 | D:10     | 22141 ||| INVOKING Finesse.
 22475 | D:11     | 22475 ||| INVOKING Heroism.
 22589 | D:11     | 22589 ||| Stepping ~*~*~tactically~*~*~ (stealth).
 22615 | D:11     | 22615 ||| Stepping ~*~*~tactically~*~*~ (stealth).
 22617 | D:11     | 22617 ||| Stepping ~*~*~tactically~*~*~ (stealth).
 22619 | D:11     | 22619 ||| Stepping ~*~*~tactically~*~*~ (stealth).
 22621 | D:11     | 22621 ||| Stepping ~*~*~tactically~*~*~ (stealth).
 22625 | D:11     | 22625 ||| Stepping ~*~*~tactically~*~*~ (stealth).
 22629 | D:11     | 22629 ||| INVOKING Heroism.
 22638 | D:11     | Reached skill level 6 in Throwing
 22723 | D:11     | Found a transporter.
 22726 | D:11     | Noticed Onakli's ghost (journeyman DsFi)
 22797 | D:11     | Found a transporter.
 22862 | D:11     | 22862 ||| FLEEEEING.
 22863 | D:11     | 22863 ||| FLEEEEING.
 22864 | D:11     | 22864 ||| FLEEEEING.
 22865 | D:11     | 22865 ||| FLEEEEING.
 22866 | D:11     | 22866 ||| FLEEEEING.
 22867 | D:11     | 22867 ||| FLEEEEING.
 22868 | D:11     | 22868 ||| FLEEEEING.
 22870 | D:11     | 22870 ||| FLEEEEING.
 22871 | D:11     | 22871 ||| FLEEEEING.
 22872 | D:11     | 22872 ||| FLEEEEING.
 22873 | D:11     | 22873 ||| FLEEEEING.
 22874 | D:11     | 22874 ||| FLEEEEING.
 22875 | D:11     | 22875 ||| FLEEEEING.
 22876 | D:11     | 22876 ||| FLEEEEING.
 22877 | D:11     | 22877 ||| FLEEEEING.
 22878 | D:11     | 22878 ||| FLEEEEING.
 22973 | D:11     | 22973 ||| FLEEEEING.
 22974 | D:11     | 22974 ||| FLEEEEING.
 22976 | D:11     | 22976 ||| FLEEEEING.
 22977 | D:11     | 22977 ||| FLEEEEING.
 22978 | D:11     | 22978 ||| FLEEEEING.
 22979 | D:11     | 22979 ||| FLEEEEING.
 22980 | D:11     | 22980 ||| FLEEEEING.
 22981 | D:11     | 22981 ||| FLEEEEING.
 22994 | D:11     | 22994 ||| Stepping ~*~*~tactically~*~*~ (hiding).
 23297 | D:11     | Reached skill level 12 in Fighting
 23297 | D:11     | Reached XP level 15. HP: 84/96 MP: 16/22
 23522 | D:11     | 23522 ||| READING scroll of enchant armour.
 23522 | D:11     | 23522 ||| ENCHANTING +1 helmet.
 23647 | D:11     | 23647 ||| PLANNING D
 23892 | D:12     | Reached skill level 3 in Dodging
 24012 | D:12     | 24012 ||| INVOKING Heroism.
 24180 | D:12     | 24180 ||| Stepping ~*~*~tactically~*~*~ (hiding).
 24181 | D:12     | 24181 ||| Stepping ~*~*~tactically~*~*~ (hiding).
 24205 | D:12     | 24205 ||| INVOKING Heroism.
 24462 | D:12     | Found a staircase to the Orcish Mines.
 24594 | D:12     | 24594 ||| Stepping ~*~*~tactically~*~*~ (stealth).
 24721 | D:13     | 24721 ||| Stepping ~*~*~tactically~*~*~ (hiding).
 24722 | D:13     | 24722 ||| Stepping ~*~*~tactically~*~*~ (hiding).
 24813 | D:13     | Received a gift from Okawaru
 24926 | D:13     | 24926 ||| INVOKING Heroism.
 24932 | D:13     | 24932 ||| READING 8 scrolls of teleportation.
 24936 | D:13     | 24936 ||| READING 7 scrolls of teleportation.
 24940 | D:13     | 24940 ||| READING 6 scrolls of teleportation.
 25117 | D:13     | 25117 ||| Stepping ~*~*~tactically~*~*~ (hiding).
 25857 | D:14     | 25857 ||| Stepping ~*~*~tactically~*~*~ (hiding).
 25858 | D:14     | 25858 ||| Stepping ~*~*~tactically~*~*~ (hiding).
 25864 | D:14     | 25864 ||| Stepping ~*~*~tactically~*~*~ (hiding).
 25871 | D:14     | 25871 ||| Stepping ~*~*~tactically~*~*~ (hiding).
 26011 | D:14     | 26011 ||| INVOKING Heroism.
 26012 | D:14     | 26012 ||| INVOKING Finesse.
 26013 | D:14     | 26013 ||| SWAPPING to +2 morningstar of freezing.
 26017 | D:14     | 26017 ||| SWAPPING to +1 vampiric war axe.
 26080 | D:14     | 26080 ||| INVOKING Heroism.
 26238 | D:14     | 26238 ||| INVOKING Heroism.
 26246 | Abyss:2  | Found a corrupted altar of Lugonu.
 26246 | Abyss:2  | Cast into level 2 of the Abyss (a wizard)
 26269 | Abyss:2  | 26269 ||| Stepping ~*~*~tactically~*~*~ (stealth).
 26270 | Abyss:2  | 26270 ||| Stepping ~*~*~tactically~*~*~ (stealth).
 26382 | Abyss:3  | 26382 ||| Stepping ~*~*~tactically~*~*~ (stealth).
 26384 | Abyss:3  | 26384 ||| Stepping ~*~*~tactically~*~*~ (stealth).
 26388 | Abyss:3  | 26388 ||| Stepping ~*~*~tactically~*~*~ (hiding).
 26464 | Abyss:3  | Received a gift from Okawaru
 26465 | Abyss:3  | Reached skill level 16 in Axes
 26483 | Abyss:3  | 26483 ||| Stepping ~*~*~tactically~*~*~ (stealth).
 26484 | Abyss:3  | 26484 ||| Stepping ~*~*~tactically~*~*~ (stealth).
 26484 | Abyss:3  | Noticed a tentacled starspawn
 26486 | Abyss:3  | 26486 ||| INVOKING Heroism.
 26498 | Abyss:3  | Killed a tentacled starspawn
 26515 | Abyss:3  | 26515 ||| Stepping ~*~*~tactically~*~*~ (stealth).
 26613 | Abyss:3  | 26613 ||| Stepping ~*~*~tactically~*~*~ (stealth).
 26617 | Abyss:3  | 26617 ||| INVOKING Heroism.
 26625 | Abyss:3  | 26625 ||| Stepping ~*~*~tactically~*~*~ (stealth).
 26628 | Abyss:3  | 26628 ||| Stepping ~*~*~tactically~*~*~ (stealth).
 26630 | Abyss:3  | 26630 ||| Stepping ~*~*~tactically~*~*~ (stealth).
 26632 | Abyss:3  | 26632 ||| Stepping ~*~*~tactically~*~*~ (stealth).
 26638 | Abyss:3  | 26638 ||| Stepping ~*~*~tactically~*~*~ (stealth).
 26681 | Abyss:3  | 26681 ||| Stepping ~*~*~tactically~*~*~ (stealth).
 26705 | Abyss:3  | 26705 ||| INVOKING Heroism.
 26727 | Abyss:3  | Noticed a deep elf sorcerer
 26728 | Abyss:3  | 26728 ||| Stepping ~*~*~tactically~*~*~ (stealth).
 26734 | Abyss:3  | Killed a deep elf sorcerer
 26754 | Abyss:3  | Noticed a tentacled starspawn
 26760 | Abyss:3  | HP: 14/96 [large abomination (21)]
 26761 | Abyss:3  | 26761 ||| READING 6 scrolls of teleportation.
 26762 | Abyss:3  | 26762 ||| DRINKING 7 potions of heal wounds.
 26765 | Abyss:3  | HP: 22/96 [large abomination (16)]
 26766 | Abyss:3  | 26766 ||| DRINKING 6 potions of heal wounds.
 26769 | Abyss:3  | Killed a tentacled starspawn
 26769 | Abyss:3  | HP: 10/96 [ynoxinul/iron shot (19)]
 26770 | Abyss:3  | 26770 ||| DRINKING 5 potions of heal wounds.
 26772 | D:14     | Escaped the Abyss
 26774 | D:14     | HP: 23/96 [vault guard/+0 great sword (4)]
 26775 | D:14     | 26775 ||| DRINKING 4 potions of heal wounds.
 26783 | D:14     | HP: 11/96 [very large slime creature (25)]
 26784 | D:14     | 26784 ||| READING 5 scrolls of teleportation.
 26785 | D:14     | 26785 ||| DRINKING 3 potions of heal wounds.
 27104 | D:14     | 27104 ||| INVOKING Heroism.
 27105 | D:14     | 27105 ||| INVOKING Finesse.
 27108 | D:14     | 27108 ||| SWAPPING to +2 morningstar of freezing.
 27112 | D:14     | 27112 ||| SWAPPING to +1 vampiric war axe.
 27180 | D:14     | 27180 ||| Stepping ~*~*~tactically~*~*~ (stealth).
 27207 | D:14     | 27207 ||| Stepping ~*~*~tactically~*~*~ (stealth).
 27236 | D:14     | 27236 ||| INVOKING Heroism.
 27353 | D:14     | 27353 ||| Stepping ~*~*~tactically~*~*~ (stealth).
 27392 | D:14     | 27392 ||| Stepping ~*~*~tactically~*~*~ (hiding).
 27393 | D:14     | 27393 ||| Stepping ~*~*~tactically~*~*~ (hiding).
 27400 | D:14     | 27400 ||| INVOKING Heroism.
 27559 | D:14     | Found a gate to the Vaults.
 27836 | D:14     | Found a radiant altar of Vehumet.
 27853 | D:14     | 27853 ||| Stepping ~*~*~tactically~*~*~ (hiding).
 28047 | D:14     | 28047 ||| Stepping ~*~*~tactically~*~*~ (hiding).
 28059 | D:14     | 28059 ||| INVOKING Heroism.
 28316 | D:14     | 28316 ||| Stepping ~*~*~tactically~*~*~ (stealth).
 28672 | D:15     | Entered Level 15 of the Dungeon
 28780 | D:15     | 28780 ||| READING 4 scrolls of teleportation.
 28782 | D:15     | 28782 ||| FLEEEEING.
 28815 | D:15     | 28815 ||| Stepping ~*~*~tactically~*~*~ (hiding).
 28905 | D:15     | 28905 ||| Stepping ~*~*~tactically~*~*~ (stealth).
 28911 | D:15     | 28911 ||| Stepping ~*~*~tactically~*~*~ (stealth).
 28917 | D:15     | 28917 ||| Stepping ~*~*~tactically~*~*~ (stealth).
 28994 | D:15     | 28994 ||| Stepping ~*~*~tactically~*~*~ (stealth).
 28996 | D:15     | 28996 ||| INVOKING Heroism.
 29010 | D:15     | Reached XP level 16. HP: 87/104 MP: 3/23
 29019 | D:15     | 29019 ||| Stepping ~*~*~tactically~*~*~ (stealth).
 29021 | D:15     | 29021 ||| Stepping ~*~*~tactically~*~*~ (stealth).
 29102 | D:15     | 29102 ||| FLEEEEING.
 29103 | D:15     | 29103 ||| FLEEEEING.
 29104 | D:15     | 29104 ||| FLEEEEING.
 29105 | D:15     | 29105 ||| FLEEEEING.
 29106 | D:15     | 29106 ||| FLEEEEING.
 29106 | D:15     | Found a staircase to the Depths.
 29108 | D:15     | 29108 ||| FLEEEEING.
 29109 | D:15     | 29109 ||| FLEEEEING.
 29110 | D:15     | 29110 ||| FLEEEEING.
 29111 | D:15     | 29111 ||| FLEEEEING.
 29112 | D:15     | 29112 ||| FLEEEEING.
 29113 | D:15     | 29113 ||| FLEEEEING.
 29114 | D:15     | 29114 ||| FLEEEEING.
 29117 | D:15     | 29117 ||| STAIRDANCE
 29261 | D:15     | Reached skill level 12 in Armour
 29342 | D:15     | 29342 ||| FLEEEEING.
 29343 | D:15     | 29343 ||| FLEEEEING.
 29344 | D:15     | 29344 ||| FLEEEEING.
 29345 | D:15     | 29345 ||| FLEEEEING.
 29346 | D:15     | 29346 ||| FLEEEEING.
 29347 | D:15     | 29347 ||| FLEEEEING.
 29348 | D:15     | 29348 ||| FLEEEEING.
 29349 | D:15     | 29349 ||| FLEEEEING.
 29352 | D:15     | 29352 ||| FLEEEEING.
 29353 | D:15     | 29353 ||| STAIRDANCE
 29395 | D:15     | 29395 ||| STAIRDANCE
 29519 | D:15     | 29519 ||| Stepping ~*~*~tactically~*~*~ (stealth).
 29521 | D:15     | Noticed Kirke
 29522 | D:15     | 29522 ||| Stepping ~*~*~tactically~*~*~ (stealth).
 29528 | D:15     | 29528 ||| INVOKING Heroism.
 29529 | D:15     | 29529 ||| INVOKING Finesse.
 29533 | D:15     | 29533 ||| Stepping ~*~*~tactically~*~*~ (stealth).
 29536 | D:15     | Noticed Agnes
 29537 | D:15     | 29537 ||| Stepping ~*~*~tactically~*~*~ (stealth).
 29538 | D:15     | 29538 ||| Stepping ~*~*~tactically~*~*~ (stealth).
 29539 | D:15     | 29539 ||| Stepping ~*~*~tactically~*~*~ (stealth).
 29543 | D:15     | Killed Kirke
 29543 | D:15     | Received a gift from Okawaru
 29556 | D:15     | Killed Agnes
 29571 | D:15     | 29571 ||| Stepping ~*~*~tactically~*~*~ (stealth).
 29572 | D:15     | 29572 ||| Stepping ~*~*~tactically~*~*~ (stealth).
 29573 | D:15     | 29573 ||| Stepping ~*~*~tactically~*~*~ (stealth).
 29574 | D:15     | 29574 ||| Stepping ~*~*~tactically~*~*~ (stealth).
 29583 | D:15     | 29583 ||| Stepping ~*~*~tactically~*~*~ (stealth).
 29965 | D:15     | 29965 ||| Stepping ~*~*~tactically~*~*~ (stealth).
 29965 | D:15     | Noticed Nessos
 29966 | D:15     | 29966 ||| READING 3 scrolls of teleportation.
 29967 | D:15     | 29967 ||| Stepping ~*~*~tactically~*~*~ (hiding).
 29970 | D:15     | 29970 ||| INVOKING Finesse.
 29971 | D:15     | 29971 ||| INVOKING Heroism.
 29989 | D:15     | Killed Nessos
 30423 | D:15     | Noticed Azrael
 30424 | D:15     | 30424 ||| INVOKING Heroism.
 30425 | D:15     | 30425 ||| INVOKING Finesse.
 30441 | D:15     | Killed Azrael
 30695 | D:15     | Found a portal to a secret trove of treasure.
 30733 | D:15     | 30733 ||| PLANNING ORC
 30733 | D:15     | 30733 ||| DROPPING +3 chain mail.
 30852 | Orc:1    | Entered Level 1 of the Orcish Mines
 30853 | Orc:1    | 30853 ||| INVOKING Heroism.
 31125 | Orc:2    | Entered Level 2 of the Orcish Mines
 31125 | Orc:2    | Noticed Rupert
 31126 | Orc:2    | 31126 ||| Stepping ~*~*~tactically~*~*~ (hiding).
 31127 | Orc:2    | 31127 ||| Stepping ~*~*~tactically~*~*~ (hiding).
 31128 | Orc:2    | 31128 ||| INVOKING Heroism.
 31129 | Orc:2    | 31129 ||| INVOKING Finesse.
 31134 | Orc:2    | 31134 ||| DRINKING 13 potions of curing.
 31134 | Orc:2    | 31134 ||| (to cure confusion)
 31134 | Orc:2    | Paralysed by Rupert for 3 turns
 31155 | Orc:2    | Killed Rupert
 31163 | Orc:2    | Found Buiruoly's General Store.
 31168 | Orc:2    | 31168 ||| Stepping ~*~*~tactically~*~*~ (hiding).
 31260 | Orc:2    | 31260 ||| INVOKING Heroism.
 31375 | Orc:2    | Found Bisyfebb's Antique Weapon Emporium.
 31411 | Orc:2    | 31411 ||| BUYING potion of resistance (170 gold).
 31411 | Orc:2    | Bought a potion of resistance for 170 gold pieces
 31411 | Orc:2    | 31411 ||| BUYING ring of protection from cold (425 gold).
 31411 | Orc:2    | Bought a ring of protection from cold for 425 gold pieces
 31428 | Orc:2    | Noticed Snorg
 31429 | Orc:2    | 31429 ||| INVOKING Finesse.
 31436 | Orc:2    | Killed Snorg
 31481 | Orc:2    | Found Opneto's Book Emporium.
 31569 | Orc:2    | 31569 ||| BUYING glowing demon whip (396 gold).
 31569 | Orc:2    | Bought a glowing demon whip for 396 gold pieces
 31569 | Orc:2    | 31569 ||| DROPPING +2 morningstar of freezing.
 31574 | Orc:2    | Found Zaeruh's Vocational Training.
 31693 | Orc:2    | Noticed Erolcha
 31695 | Orc:2    | 31695 ||| INVOKING Heroism.
 31698 | Orc:2    | 31698 ||| INVOKING Finesse.
 31704 | Orc:2    | Killed Erolcha
 31704 | Orc:2    | Received a gift from Okawaru
 31869 | Orc:2    | Found Keol's Antique Armour Boutique.
 31870 | Orc:2    | Found a staircase to the Elven Halls.
 31877 | Orc:2    | 31877 ||| SHOPLISTING +8 orange crystal plate armour
                  | {Archmagi, Int+3 Clar} (4335 gold, have 1075).
 31877 | Orc:2    | 31877 ||| BUYING faintly humming plate armour (840 gold).
 31877 | Orc:2    | Bought a faintly humming plate armour for 840 gold pieces
 31877 | Orc:2    | Identified the +7 plate armour of Satisfaction {rCorr Str+2
                  | Dex+10 Stlth-} (You bought it in a shop on level 2 of the
                  | Orcish Mines)
 32146 | Orc:2    | 32146 ||| UPGRADING to +0 tower shield.
 32156 | Orc:2    | 32156 ||| DROPPING +0 kite shield.
 32157 | Orc:2    | 32157 ||| UPGRADING to +7 plate armour of Satisfaction
                  | {rCorr Str+2 Dex+10 Stlth-}.
 32167 | Orc:2    | 32167 ||| DROPPING +0 plate armour.
 32225 | Orc:1    | 32225 ||| INVOKING Heroism.
 32230 | Orc:1    | 32230 ||| DRINKING 12 potions of curing.
 32230 | Orc:1    | 32230 ||| (to cure confusion)
 32239 | Orc:1    | 32239 ||| Stepping randomly (disturbance).
 32437 | Orc:1    | Found Loottum's Distillery.
 32444 | Orc:1    | 32444 ||| BUYING potion of attraction (45 gold).
 32444 | Orc:1    | Bought a potion of attraction for 45 gold pieces
 32444 | Orc:1    | 32444 ||| BUYING potion of curing (45 gold).
 32444 | Orc:1    | Bought a potion of curing for 45 gold pieces
 32444 | Orc:1    | 32444 ||| BUYING potion of curing (45 gold).
 32444 | Orc:1    | Bought a potion of curing for 45 gold pieces
 32444 | Orc:1    | 32444 ||| BUYING potion of haste (150 gold).
 32444 | Orc:1    | Bought a potion of haste for 150 gold pieces
 32444 | Orc:1    | 32444 ||| BUYING potion of haste (150 gold).
 32444 | Orc:1    | Bought a potion of haste for 150 gold pieces
 32444 | Orc:1    | 32444 ||| SHOPLISTING potion of mutation (120 gold, have
                  | 118).
 32473 | Orc:1    | 32473 ||| PLANNING SNAKE:1-3
 32666 | Snake:1  | Entered Level 1 of the Snake Pit
 32670 | Snake:1  | 32670 ||| INVOKING Heroism.
 32907 | Snake:1  | 32907 ||| INVOKING Heroism.
 32911 | Snake:1  | Received a gift from Okawaru
 32928 | Snake:1  | Identified the +5 plate armour of the Ban {Dex+2} (Okawaru
                  | gifted it to you on level 1 of the Snake Pit)
 32928 | Snake:1  | Received a gift from Okawaru
 32938 | Snake:1  | Reached skill level 15 in Shields
 32959 | Snake:1  | Reached XP level 17. HP: 52/111 MP: 0/24
 32961 | Snake:1  | HP: 24/111 [salamander mystic/+0 quarterstaff (8)]
 32962 | Snake:1  | 32962 ||| READING 2 scrolls of teleportation.
 32963 | Snake:1  | 32963 ||| DRINKING 2 potions of heal wounds.
 32963 | Snake:1  | HP: 5/111 [salamander/+0 glaive (11)]
 32963 | Snake:1  | Slain by a salamander

Levels and vault maps discovered:
D:1:      matt_arrival_grand_opening, layout_basic, serial_shops, shop,
          shapermc_ecumenical_altar_venn
D:2:      layout_rooms, nicolae_figureground_sparkle
D:3:      layout_loops_ring, serial_shops, nicolae_shop_stone, serial_bayou,
          serial_bayou_pond_d, serial_bayou_pond_d, serial_bayou_pond_e,
          serial_bayou_lagoon_a, uniq_natasha
D:4:      layout_basic, mainiacjoe_overflow_catwalk, lemuel_round_altar,
          general_overflow_altar, minmay_temple_entry_crystal_x,
          serial_park_tiny_pond
D:5:      layout_cave_pools
D:6:      layout_basic, serial_shops, nicolae_stop_n_shop_1, shop_statue,
          nicolae_shop_crystal, shop, nicolae_specific_store, uniq_duvessa,
          uniq_sigmund
D:7:      layout_loops_corners, lemuel_round_altar, minmay_quadrilaterals,
          uniq_prince_ribbit1
D:8:      cheibrodos_fertilizer, layout_layer_cave,
          mainiacjoe_overflow_alcove_1, eino_small_chamber_without_monster,
          uniq_erica, uniq_grum
D:9:      layout_roguey, amcnicky_altar_gilded, david_lair_generic, uniq_maggie
D:10:     layout_gridville, hellmonk_ghost_happy_afterlife, minivault_14,
          minmay_three_doors
D:11:     layout_loops_ring, gammafunk_ghost_stat_death,
          kennysheep_pointless_box
D:12:     layout_small_grid, hiddenorc1_lemuel
D:13:     layout_irregular_city
D:14:     layout_basic, grunt_vaults_entry_fortified, vehumet_crystals
D:15:     gammafunk_depths_entry_grave, layout_loops_ring,
          nicolae_trove_entry_diagonal, nicolae_kite_square_tiling_tiny,
          uniq_kirke, uniq_nessos, uniq_agnes, uniq_azrael
Temple:   nicolae_temple_superstar
Lair:1:   layout_hall_layers
Lair:2:   layout_cave_shapes, elwin_shoals_entry_rooms,
          nicolae_volcano_entry_two_sided, roderic_batcave, grunt_megastairs_4
Lair:3:   layout_gridlike, minmay_snake_entry_guardpost_medium
Lair:4:   layout_gridlike, portal_ice_cave_entry_pillars_1,
          chequers_serial_rivers_room_a, serial_bayou_shore_a
Lair:5:   hangedman_lair_tendril_chambers, layout_cave_shapes,
          hangedman_lair_caniforms_friends, minmay_slime_entry_pillars,
          uniq_urug
Snake:1:  layout_grid_shapes, hangedman_snake_sidewinding, minmay_shoptagon
Orc:1:    layout_caves, serial_shops, shop
Orc:2:    grunt_orc_gardens, layout_diamond_mine, grunt_orc_garden,
          grunt_orc_garden, grunt_orc_garden, grunt_orc_garden,
          nicolae_shop_vocational, uniq_snorg, uniq_erolcha, uniq_rupert

Skill      XL: |  1  2  3  4  5  6  7  8  9 10 11 12 13 14 15 16 |
---------------+-------------------------------------------------+-----
Axes           | 2 3 4 5 6 7 8 9 11 12 13 15 16 | 16.0
Fighting       | 4 5 7 8 9 10 12 13 14 | 14.0
Armour         | 4 5 6 8 9 10 11 13 | 13.0
Invocations    | 1 4 5 9 10 | 10.0
Dodging        | 1 2 3 4 |  4.0
Throwing       | 1 3 4 6 |  6.4
Shields        | 4 5 9 10 11 12 13 15 | 15.6

Action                   |  1- 3 |  4- 6 |  7- 9 | 10-12 | 13-15 | 16-18 || total
-------------------------+-------+-------+-------+-------+-------+-------++-------
Melee: War axe           |    84 |   170 |   227 |   667 |  1348 |   430 ||  2926
       Morningstar       |       |       |       |       |     9 |       ||     9
Throw: Boomerang         |    19 |     9 |    56 |    79 |    53 |     5 ||   221
       Javelin           |       |       |       |    23 |   138 |    31 ||   192
Invok: Heroism           |       |       |    13 |    33 |    38 |    10 ||    94
       Finesse           |       |       |       |       |     7 |     6 ||    13
  Use: Scroll            |     3 |    11 |     6 |     8 |    10 |     2 ||    40
       Potion            |       |     3 |       |       |     5 |     3 ||    11
 Stab: Distracted        |       |       |       |       |     1 |     1 ||     2
Armor: Scale mail        |    34 |       |       |       |       |       ||    34
       Plate armour      |    26 |   122 |   145 |   344 |   669 |   203 ||  1509
Dodge: Dodged            |    41 |    47 |    61 |   191 |   558 |   203 ||  1101
Block: Buckler           |    20 |    36 |    37 |    52 |       |       ||   145
       Kite shield       |       |       |       |   249 |   715 |   116 ||  1080
       Tower shield      |       |       |       |       |       |   199 ||   199

Table legend:
 A = Non-vault XP
 B = Vault XP
 C = Vault XP percentage of total XP
 D = Non-vault monster count
 E = Vault monster count
 F = Vault count percentage of total count
                 A         B        C        D         E       F
            +---------+---------+-------+---------+---------+-------
      Total |  119332 |   64195 |  35.0 |     562 |     230 |  29.0
            +---------+---------+-------+---------+---------+-------
        D:1 |      47 |       0 |   0.0 |      31 |       0 |   0.0
        D:2 |     112 |       0 |   0.0 |      22 |       0 |   0.0
        D:3 |      95 |      35 |  26.9 |      18 |       1 |   5.3
        D:4 |     287 |       0 |   0.0 |      13 |       0 |   0.0
        D:5 |     665 |       0 |   0.0 |      23 |       0 |   0.0
        D:6 |    1624 |     451 |  21.7 |      28 |       3 |   9.7
        D:7 |    1014 |     536 |  34.6 |      23 |       5 |  17.9
        D:8 |     820 |    2181 |  72.7 |      17 |      21 |  55.3
        D:9 |    3438 |    1040 |  23.2 |      29 |       5 |  14.7
       D:10 |    2581 |    1564 |  37.7 |      21 |       3 |  12.5
       D:11 |    5091 |       0 |   0.0 |      19 |       0 |   0.0
       D:12 |    4672 |     259 |   5.3 |      18 |      17 |  48.6
       D:13 |    4403 |       0 |   0.0 |      10 |       0 |   0.0
       D:14 |   11033 |    6820 |  38.2 |      24 |      10 |  29.4
       D:15 |   11922 |   11544 |  49.2 |      24 |      18 |  42.9
     Lair:1 |    8319 |       0 |   0.0 |      41 |       0 |   0.0
     Lair:2 |    3243 |    1231 |  27.5 |      13 |      10 |  43.5
     Lair:3 |    8837 |     643 |   6.8 |      36 |       4 |  10.0
     Lair:4 |   13044 |      82 |   0.6 |      43 |       2 |   4.4
     Lair:5 |    9692 |   20010 |  67.4 |      32 |      92 |  74.2
    Snake:1 |   14959 |    6074 |  28.9 |      29 |       9 |  23.7
      Orc:1 |    1403 |       0 |   0.0 |      18 |       0 |   0.0
      Orc:2 |     295 |   11725 |  97.5 |       5 |      30 |  85.7
    Abyss:3 |   11736 |       0 |   0.0 |      25 |       0 |   0.0
            +---------+---------+-------+---------+---------+-------
